 Dungeon Crawl Stone Soup version 0.17-a0-1719-g1afd5a1 (webtiles) character file.

2009 KambridgeKobold the Skirmisher (level 9, -2/72 HPs)
             Began as a Demonspawn Berserker on Aug 27, 2015.
             Was an Elder of Trog.
             Slain by an orc warrior
             ... wielding a +0 dire flail
              (24 damage)
             ... on level 7 of the Dungeon.
             The game lasted 00:26:59 (7306 turns).

KambridgeKobold the Skirmisher (DsBe)               Turns: 7306, Time: 00:26:59

Health: -2/72      AC: 11    Str: 17    XL:     9   Next: 2%
Magic:  9/9        EV:  9    Int:  8    God:    Trog [****..]
Gold:   441        SH:  0    Dex: 17    Spells: 0 memorised, 8 levels left

rFire  . . .     SeeInvis .     h - +0 whip
rCold  . . .     Clarity  .     F - +0 chain mail
rNeg   . . .     SustAt   +     (no shield)
rPois  .         Gourm    .     (no helmet)
rElec  .         Spirit   .     (no cloak)
rCorr  .         Warding  .     x - +0 pair of gloves
rMut   .         Stasis   .     (no boots)
MR     .....                    s - amulet of faith
Stlth  ..........               (no ring)
                                b - ring of sustain attributes

@: not resistant to hostile enchantments, extremely unstealthy
A: talons 1, demonic guardian 1, spiny 2
a: Burn Spellbooks, Berserk, Trog's Hand, Brothers in Arms, Renounce Religion


You were on level 7 of the Dungeon.
You worshipped Trog.
Trog was greatly pleased with you.
You were hungry.

You visited 1 branch of the dungeon, and saw 7 of its levels.

You collected 441 gold pieces.

Inventory:

Hand weapons
 a - a +0 mace
 h - a +0 whip (weapon)
 p - a +0 scythe of slicing
 v - a +0 flail
 w - a +0 flail
 E - a +2 hunting sling of velocity
Missiles
 m - 9 tomahawks (quivered)
 u - 125 stones
 H - 21 sling bullets
Armour
 x - a +0 pair of gloves (worn)
 z - the +1 robe of Fallacy {-Tele rF- Dex+4 Stlth+}
   (You found it on level 4 of the Dungeon)

   It affects your dexterity (+4).
   It makes you vulnerable to fire.
   It prevents most forms of teleportation.
   It makes you more stealthy.
 D - a +0 scale mail of cold resistance
 F - a +0 chain mail (worn)
 R - a +0 plate armour
Jewellery
 b - a ring of sustain attributes (left hand)
 r - an uncursed amulet of regeneration
 s - an amulet of faith (around neck)
 I - an uncursed amulet of the gourmand {unknown}
Magical devices
 J - a wand of polymorph (11)
 O - a wand of fireball (10)
Scrolls
 g - 2 scrolls of enchant armour {unknown}
 i - 2 scrolls of remove curse {unknown}
 j - 2 scrolls of amnesia {unknown}
 k - a scroll of enchant weapon {unknown}
 l - 2 scrolls of identify {unknown}
 t - a scroll of teleportation {unknown}
 y - 3 scrolls of blinking {unknown}
 B - a scroll of recharging {unknown}
 G - a scroll of magic mapping {unknown}
 S - a scroll of immolation {unknown}
Potions
 d - a potion of haste {unknown}
 e - a potion of brilliance {unknown}
 f - a potion of might {unknown}
 n - a potion of ambrosia {unknown}
 A - 2 potions of curing {unknown}
 L - a potion of flight {unknown}
Books
 C - a book of Battle

   Spells                             Type                      Level
   a - Infusion                       Charms                       1
   b - Shroud of Golubria             Charms/Translocation         2
   c - Song of Slaying                Charms                       2
   d - Spectral Weapon                Hexes/Charms                 3
   e - Regeneration                   Charms/Necromancy            3
   Trog disapproves of the use of such an item.
 Q - a Grand Grimoire

   Spells                             Type                      Level
   a - Monstrous Menagerie            Summoning                    6
   b - Summon Greater Demon           Summoning                    7
   c - Malign Gateway                 Summoning/Translocation      7
   d - Summon Horrible Things         Summoning                    8
   Trog disapproves of the use of such an item.
Comestibles
 c - 5 bread rations
 o - 2 royal jellies
 q - 2 meat rations
 M - a beef jerky
 N - a slice of pizza
 P - 5 fruits


   Skills:
 - Level 7.0 Fighting
 - Level 7.0 Maces & Flails
 * Level 5.8 Armour
 + Level 3.5 Dodging


You had 8 spell levels left.
You didn't know any spells.

Dungeon Overview and Level Annotations

Branches:
Dungeon (7/15)
 Temple: D:4-7

Altars:
Elyvilon
Kikubaaqudgha
Makhleb
Sif Muna

Shops:
D:7 [%


Innate Abilities, Weirdness & Mutations

You have sharp toenails.
A weak demonic guardian rushes to your aid.
You are mostly covered in sharp spines.


Message History

The orc warrior hits you with a dire flail!
* * * LOW HITPOINT WARNING * * *
You hit the orc warrior but do no damage.
The orc warrior is severely wounded.
You closely miss the orc warrior. Your kick misses the orc warrior.
The orc warrior is severely wounded.
Your iron imp disappears in a puff of smoke!
The orc warrior hits you with a dire flail!
* * * LOW HITPOINT WARNING * * *
You feel the effects of Trog's Hand fading.
Your skin stops crawling.
You feel less resistant to hostile enchantments.
You closely miss the orc warrior.
You claw the orc warrior, but do no damage.
The orc warrior is severely wounded.
You hit the orc warrior but do no damage.
The orc warrior is severely wounded.
The orc warrior is struck by your spines.
The orc warrior hits you with a dire flail!!
You die...

.........# #.# #####.#### #.#
#.# #.# #.# #.#
#.#########.###############
#####.........#...............#
......#######.###############.#
......# #.###############.#
####### #...@o.{.......##.#
#### ########........#.# ...#
#..........# ...###
#..........# ...≈≈#
#.........## .♣..≈# #........##
.r.....# ###.###.## ._.♣...#
#.# #.# ......## #.# #.#


You could see an orc warrior.

Vanquished Creatures
  Sigmund (D:5)
  Menkaure (D:7)
  The ghost of Ajdolov the Sneak, an average SpMo (D:4)
  An ice beast (D:5)
  A phantom (D:6)
  An orc warrior (D:6)
  2 centaurs
  2 giant frogs (D:6)
  2 crimson imps
  A giant frog zombie (D:6)
  2 hounds
  2 orc priests
  A giant frog skeleton (D:5)
  2 jellies
  An orc wizard (D:4)
  2 gnoll shamans
  Jessica (D:6)
  A centaur skeleton (D:6)
  Terence (D:2)
  Natasha (twice) (D:3)
  7 worker ants
  A hound skeleton (D:7)
  13 gnolls
  6 adders
  A shadow imp (D:6)
  3 oozes
  3 worms
  An adder skeleton (D:5)
  6 giant geckos
  18 orcs
  7 goblins
  11 hobgoblins
  10 kobolds
  13 bats
  4 giant cockroaches
  4 giant newts
  17 jackals
  2 quokkas (D:2)
  2 quokka skeletons
  8 rats
165 creatures vanquished.

Vanquished Creatures (collateral kills)
  A black bear (D:6)
  An ogre (D:4)
  A hound (D:6)
  An orc priest (D:5)
  2 gnolls (D:6)
  An adder (D:4)
  An orc (D:4)
  A giant cockroach (D:2)
9 creatures vanquished.

Grand Total: 174 creatures vanquished

Notes
Turn   | Place    | Note
--------------------------------------------------------------
     0 | D:1      | KambridgeKobold the Demonspawn Berserker began the quest for the Orb.
     0 | D:1      | Reached XP level 1. HP: 18/18 MP: 1/1
   127 | D:1      | Gained mutation: A weak demonic guardian rushes to your aid. [demonic ancestry]
   127 | D:1      | Reached XP level 2. HP: 13/24 MP: 2/2
  1007 | D:1      | Reached XP level 3. HP: 28/30 MP: 3/3
  1009 | D:1      | Acquired Trog's second power
  1225 | D:2      | Noticed Terence
  1243 | D:2      | Killed Terence
  1243 | D:2      | Reached skill level 4 in Fighting
  1324 | D:2      | Reached XP level 4. HP: 29/37 MP: 4/4
  2700 | D:3      | Found a burning altar of Makhleb.
  2964 | D:3      | Noticed Natasha
  2978 | D:3      | Killed Natasha
  2978 | D:3      | Gained mutation: You are partially covered in sharp spines. [demonic ancestry]
  2978 | D:3      | Reached XP level 5. HP: 43/43 MP: 5/5
  3029 | D:3      | Noticed Natasha
  3032 | D:3      | Killed Natasha
  3443 | D:4      | Noticed Ajdolov's ghost (average SpMo)
  3467 | D:4      | Killed Ajdolov's ghost
  3467 | D:4      | Reached skill level 5 in Fighting
  3494 | D:4      | Got a faintly glowing robe
  3514 | D:4      | Identified the +1 robe of Fallacy {-Tele rF- Dex+4 Stlth+} (You found it on level 4 of the Dungeon)
  3702 | D:4      | Gained mutation: You are mostly covered in sharp spines. [demonic ancestry]
  3702 | D:4      | Reached XP level 6. HP: 51/51 MP: 6/6
  3935 | D:4      | Noticed an ogre
  3951 | D:4      | Killed an ogre
  3951 | D:4      | Reached skill level 5 in Maces & Flails
  4580 | D:5      | Entered Level 5 of the Dungeon
  4598 | D:5      | Noticed Sigmund
  4605 | D:5      | Killed Sigmund
  4605 | D:5      | Reached skill level 6 in Fighting
  4605 | D:5      | Gained mutation: You have sharp toenails. [demonic ancestry]
  4605 | D:5      | Reached XP level 7. HP: 52/58 MP: 7/7
  4923 | D:5      | Reached skill level 7 in Fighting
  4959 | D:5      | Found an ancient bone altar of Kikubaaqudgha.
  5365 | D:5      | Reached XP level 8. HP: 67/67 MP: 8/8
  5539 | D:6      | Acquired Trog's third power
  6130 | D:6      | Noticed Jessica
  6140 | D:6      | Killed Jessica
  6146 | D:6      | Found a deep blue altar of Sif Muna.
  6274 | D:6      | Reached skill level 5 in Armour
  6925 | D:7      | Found Miycwe's Antique Armour Shop.
  6925 | D:7      | Found a white marble altar of Elyvilon.
  6962 | D:7      | Found Nunad's Food Shop.
  7154 | D:7      | Noticed Menkaure
  7161 | D:7      | Killed Menkaure
  7161 | D:7      | Reached XP level 9. HP: 29/72 MP: 9/9
  7306 | D:7      | Slain by an orc warrior

Vault maps used:
D:1:      lightli_arrival_quake
D:2:      bh_walls_and_bars, uniq_terence
D:3:      overflow_temple_1_default, uniq_natasha
D:4:      first_bread
D:5:      kennysheep_mini_moat, minmay_misc_feat_hallway, uniq_sigmund
D:6:      tgw_sif
D:7:      zin_treasury, yredelemnul_forgotten_temple_becter,
          minmay_temple_entry_mist, serial_shops, nicolae_shop_statue_plus,
          shop_fountains, shop, shop, grunt_livestock,
          hangedman_abyss_or_decor_passed, elyvilon_altar_4, uniq_duvessa,
          uniq_prince_ribbit1, uniq_menkaure

Action                   |  1- 3 |  4- 6 |  7- 9 || total
-------------------------+-------+-------+-------++-------
Melee: Mace              |   108 |    53 |       ||   161
       Whip              |       |   192 |   197 ||   389
Throw: Tomahawk          |       |     7 |     5 ||    12
Invok: Berserk           |     3 |     1 |       ||     4
       Trog's Hand       |     1 |     3 |     4 ||     8
 Stab: Sleeping          |     1 |       |       ||     1
       Distracted        |       |     2 |     1 ||     3
  Eat: Chunk             |     5 |    11 |     9 ||    25
